 Dungeon Crawl Stone Soup version 0.20.1-1-g8b1a95d (webtiles) character file.

749 Irenicus the Basher (level 7, -13/99 HPs)
             Began as a Troll Chaos Knight on Nov 5, 2017.
             Killed from afar by Ijyb (17 damage)
             ... with a wand of lightning (?/15)
             ... on level 4 of the Dungeon.
             The game lasted 00:04:50 (695 turns).

Irenicus the Basher (Troll Chaos Knight)             Turns: 695, Time: 00:04:52

Health: -13/99     AC: 23    Str: 26    XL:     7   Next: 48%
Magic:  0/6        EV:  1    Int:  8    God:    Xom [..*...]
Gold:   100        SH:  0    Dex: 11    Spells: 6/6 levels left

rFire    . . .     SeeInvis .   a - +0 mace (chaos)
rCold    . . .     Gourm    +   (no shield)
rNeg     + + +     Faith    .   (armour currently unavailable)
rPois    +         Spirit   +   (helmet currently unavailable)
rElec    .         Reflect  .   (cloak currently unavailable)
rCorr    .         Harm     .   (gloves unavailable)
MR       .....     NoTele   +   (boots unavailable)
Stlth    +.........             f - amulet of guardian spirit
Regen    0.7/turn               (no ring)
MPRegen  0.1/turn               (no ring)

@: mighty, tree-form (expiring)
A: unfitting armour, fast metabolism 3, gourmand, regeneration 1
a: Renounce Religion


You were on level 4 of the Dungeon.
You worshipped Xom.
You were a toy of Xom.
You were full.
You were a tree.
You visited 1 branch of the dungeon, and saw 4 of its levels.

You collected 100 gold pieces.

Inventory:

Hand Weapons
 a - a +0 mace of chaos (weapon)
Armour
 b - a +2 robe (melded)
Jewellery
 f - an amulet of guardian spirit (around neck)
Scrolls
 e - a scroll of identify
 l - a scroll of enchant weapon {unknown}
Potions
 d - 2 potions of haste
 i - a potion of resistance
 j - a potion of degeneration
Comestibles
 c - 2 bread rations
 g - 2 royal jellies
 k - 2 meat rations


   Skills:
 - Level 2.4 Fighting
 + Level 8.1 Maces & Flails
 - Level 1.9 Dodging


You had 6 spell levels left.
You didn't know any spells.

Dungeon Overview and Level Annotations

Branches:
Dungeon (4/15)
 Temple: D:4-7

Altars:
Fedhas

Annotations:
D:4 Ijyb


Innate Abilities, Weirdness & Mutations

You are too large for most types of armour.
((You have claws for hands.))
Your metabolism is lightning-fast.
You like to eat raw meat.
Your natural rate of healing is unusually fast.
((You are covered in fur. (AC +1)))
((You have very tough skin. (AC +2)))


Message History

g - Guard the area. f - Follow me.
Anything else - Cancel.
You creak for attention!
You hear a shout!
You start resting.
Ijyb the Twisted Goblin comes into view.
You aren't carrying any items that you can evoke.
Your transformation is almost over.
You closely miss Ijyb. Ijyb hits you but does no damage.
You hit Ijyb.
Ijyb seems to slow down.
Ijyb is lightly wounded.
Ijyb hits you but does no damage.
You sock Ijyb!
A fistful of eyes flickers past your view.
Ijyb is almost dead.
Ijyb zaps a wand.
Helpless, you fail to dodge the bolt of lightning.
* * * LOW HITPOINT WARNING * * *
The bolt of lightning hits you!
You die...
Xom titters!

####>..... .......... ....%....#
...(...>.# ### .......+ ....
.....# ####...# ######†)†#
#....... #...##.♣g###.# #.##..#
#............# #.#...#
#########........##...###.#...#
#$.....###.......# #.#.......#
#......# +.......##.#...#.#...#
#......##+.......##.##..#.#...#
##.............#####. #.<#.#...#
.....[#........#####.##..#.#...#
...........................#...#


You could see Ijyb.

Vanquished Creatures
  Grinder (D:3)
  Sigmund (D:2)
  A wyvern (D:4)
  An ogre (D:4)
  A hound (shapeshifter) (D:3)
  An iguana (D:4)
  A worker ant (D:4)
  4 gnolls (D:3)
  2 adders
  An ooze (D:2)
  A worm (D:2)
  A leopard gecko (D:1)
  4 orcs
  A giant cockroach (D:2)
  2 goblins (D:1)
  A hobgoblin (D:3)
  A quokka (D:3)
  2 bats
  2 frilled lizards
  4 kobolds
  3 rats
36 creatures vanquished.

Notes
Turn   | Place    | Note
-------+----------+-------------------------------------------
     0 | D:1      | Irenicus the Troll Chaos Knight began the quest for the Orb.
     0 | D:1      | Reached XP level 1. HP: 22/22 MP: 0/0
    15 | D:2      | XOM: divination: magic mapping
    38 | D:2      | Reached skill level 3 in Maces & Flails
    89 | D:1      | Reached XP level 2. HP: 22/29 MP: 1/1
   202 | D:2      | Noticed Sigmund
   208 | D:2      | Killed Sigmund
   208 | D:2      | Reached skill level 5 in Maces & Flails
   208 | D:2      | Reached XP level 3. HP: 24/36 MP: 0/2
   208 | D:2      | Reached XP level 4. HP: 29/44 MP: 0/3
   208 | D:2      | Reached XP level 5. HP: 33/50 MP: 0/4
   224 | D:2      | Found a blossoming altar of Fedhas.
   298 | D:3      | XOM: potion effect (berserk rage)
   382 | D:3      | Noticed Grinder
   387 | D:3      | XOM: enchant monster (good)
   399 | D:3      | Killed Grinder
   399 | D:3      | Reached skill level 6 in Maces & Flails
   399 | D:3      | Reached XP level 6. HP: 59/59 MP: 5/5
   412 | D:3      | Reached skill level 7 in Maces & Flails
   423 | D:3      | XOM: divination: detect creatures
   560 | D:4      | Reached XP level 7. HP: 53/66 MP: 4/6
   662 | D:4      | Noticed a wyvern
   662 | D:4      | an ogre changed into a wyvern
   671 | D:4      | Killed a wyvern
   671 | D:4      | Reached skill level 8 in Maces & Flails
   689 | D:4      | Noticed Ijyb
   695 | D:4      | HP: 4/99 [Ijyb/wand of lightning (?/15) (17)]
   695 | D:4      | Killed from afar by Ijyb

Skill      XL: |  1  2  3  4  5  6  7 |
---------------+----------------------+-----
Maces & Flails | 3 5 6 7 8 |  8.1
Fighting       | |  2.4
Dodging        | |  1.9

Action                   |  1- 3 |  4- 6 |  7- 9 || total
-------------------------+-------+-------+-------++-------
Melee: Mace              |    31 |    85 |    28 ||   144
  Use: Scroll            |       |     5 |       ||     5
       Potion            |       |       |     2 ||     2
 Stab: Petrified         |       |    10 |       ||    10
       Confused          |       |     1 |       ||     1
       Sleeping          |       |     1 |       ||     1
  Eat: Chunk             |       |     8 |     1 ||     9
Armor: Robe              |     7 |    31 |       ||    38
       Skin              |       |       |    25 ||    25
Dodge: Dodged            |    15 |    30 |     5 ||    50
